 Dungeon Crawl Stone Soup version 0.28.0-53-g5a82cb258f (webtiles) character file.

Game seed: 2397268826521514529

10691 safid the Severer (level 11, -30/94 (99) HPs)
             Began as a Hill Orc Fighter on July 10, 2022.
             Was a Priest of Beogh.
             Killed from afar by an eidolon (33 damage)
             ... with a bolt of negative energy
             ... on level 1 of the Abyss.
             The game lasted 00:18:12 (12035 turns).

safid the Severer (Hill Orc Fighter)               Turns: 12035, Time: 00:18:13

HP:   -30/94 (99)   AC: 16    Str: 24    XL:     11   Next: 66%
MP:   8/11          EV: 11    Int:  6    God:    Beogh [***...]
Gold: 245           SH:  0    Dex: 10    Spells: 10/10 levels left

rFire   . . .      SeeInvis .   n - +9 quarterstaff of Mayhem {venom, rPois Int+2}
rCold   . . .      Faith    .   (shield currently unavailable)
rNeg    . . .      Spirit   .   D - +0 plate armour
rPois   +          Reflect  .   i - +1 helmet
rElec   .          Harm     .   (no cloak)
rCorr   .          Rampage  .   x - +2 pair of gloves {infuse}
Will    .....                   I - +0 pair of boots
Stlth   ..........              (no amulet)
HPRegen 0.25/turn               c - +4 ring of evasion
MPRegen 0.12/turn               (no ring)

@: drained
A: deformed body, deterioration 1, dopey 2, subdued magic 1
a: Renounce Religion, Smiting


You were on level 1 of the Abyss.
You worshipped Beogh.
Beogh was most pleased with you.
You visited 1 branch of the dungeon, and saw 12 of its levels.
You visited the Abyss 1 time.
You visited 1 bazaar.
You also visited: Bailey.

You collected 245 gold pieces.

Inventory:

Hand Weapons
 m - a +0 broad axe
 n - the +9 quarterstaff of Mayhem (weapon) {venom, rPois Int+2}
   (You found it on level 3 of the Dungeon)

   It poisons the flesh of those it strikes.
   Int:       It affects your intelligence (+2).
   rPois:     It protects you from poison.
Missiles
 z - 5 poisoned darts
 F - 10 silver boomerangs (quivered)
 J - 6 javelins
Armour
 i - a +1 helmet (worn)
 x - a +2 pair of gloves of infusion (worn)
 D - a +0 plate armour (worn)
 I - a +0 pair of boots (worn)
Jewellery
 c - a +4 ring of evasion (left hand)
Wands
 a - a wand of iceblast (12)
 b - a wand of flame (21)
 l - a wand of polymorph (12)
Scrolls
 g - a scroll of noise {unknown}
 h - 11 scrolls of identify {unknown}
 j - a scroll of holy word {unknown}
 o - a scroll of vulnerability
 t - 2 scrolls of teleportation
 w - 3 scrolls of fog {unknown}
 y - a scroll of enchant weapon {unknown}
 A - 2 scrolls of blinking {unknown}
 E - 2 scrolls of immolation {unknown}
 H - a scroll of enchant armour {unknown}
 K - a scroll of amnesia {unknown}
 L - a scroll of fear {unknown}
Potions
 d - 4 potions of might
 e - 4 potions of curing
 f - a potion of cancellation {unknown}
 k - 3 potions of resistance {unknown}
 p - 5 potions of degeneration {unknown}
 q - 2 potions of mutation {unknown}
 r - 2 potions of lignification {unknown}
 s - 2 potions of ambrosia {unknown}
 u - 2 potions of flight {unknown}
 v - 2 potions of brilliance {unknown}
 B - 2 potions of attraction {unknown}
 C - 2 potions of heal wounds {unknown}
 G - a potion of magic {unknown}


   Skills:
 + Level 10.1 Fighting
 - Level 18.0 Axes
 + Level 9.5 Armour
 - Level 4.0 Shields


You had 10 spell levels left.
You didn't know any spells.
Your spell library contained the following spells:

 Spells                   Type           Power      Damage    Failure   Level
 Freeze                   Ice            0%         1d3       99%         1
 Frozen Ramparts          Ice            0%         1d2       100%        3
 Inner Flame              Hex/Fire       0%         N/A       100%        3
 Tukima's Dance           Hex            0%         N/A       100%        3
 Cause Fear               Hex            0%         N/A       100%        4
 Hailstorm                Conj/Ice       0%         3d3       100%        4
 Olgreb's Toxic Radiance  Pois           0%         N/A       100%        4
 Passage of Golubria      Tloc           0%         N/A       100%        4
 Yara's Violent Unravell  Hex/Tmut       0%         3d3       100%        5
 Ozocubu's Refrigeration  Ice            0%         4d5       100%        7
 Discord                  Hex            0%         N/A       100%        8
 Ignition                 Fire           0%         3d3       100%        8


Dungeon Overview and Level Annotations

Branches:
Dungeon (12/15)            Temple (0/1) D:4            Lair (0/6) D:8
 Bailey (visited)
    Orc: D:9-12

Altars:
Zin

Shops:
D:7 [   D:12 *

Annotations:
D:3 3 runed translucent doors, Diggabert's ghost, amateur FoAK
D:4 1 runed translucent door, Crazy Yiuf
D:12 Erolcha


Innate Abilities, Weirdness & Mutations

Armour fits poorly on your strangely shaped body.
Your body sometimes deteriorates upon taking damage.
You are very dopey. (Int -4)
Your spells are a little easier to cast, but a little less powerful.


Message History

A balrug comes into view.
It is wielding a +2 demon whip of draining.
The neqoxec gestures at you.
Strange energies course through your body.
Your connection to magic feels subdued.
The neqoxec gestures at you.
Something tries to feed on your intellect!
Unknown command.
The balrug gestures at you.
The bolt of fire hits the sun demon.
The sun demon completely resists.
The bolt of fire hits you!!!
An eidolon comes into view.
The eidolon gives a chilling moan.
The balrug gestures at you. Something smites you! The balrug gestures at you.
The bolt of fire hits the sun demon.
The sun demon completely resists.
The bolt of fire misses you. The sun demon hits you.
You are engulfed in flames!!
* * * LOW HITPOINT WARNING * * *
Unknown command.
You sock the eidolon!
The eidolon is moderately damaged.
The sun demon misses you.
The eidolon hits you but does no damage.
The eidolon barely misses you. The sun demon barely misses you.
Unknown command.
You sock the eidolon!
The eidolon is moderately damaged.
The eidolon hits you!!
* * * LOW HITPOINT WARNING * * *
The eidolon closely misses you.
The sun demon hits you but does no damage.
The eidolon closely misses you.
The eidolon hits you but does no damage.
You sock the eidolon!
The eidolon is heavily damaged.
The sun demon barely misses you. The eidolon stares piercingly at you.
The bolt of negative energy hits you!!
You feel drained.
You die...

#########.. # ##
#.# #. ....#...###
.###. .......#.
...... . #.
#.##.#...... . . ∩
. # #..##.#.......
... .
##.##.#....#..# #
.. #....
.#...#..### #... .
#. .....#....###.#
. . #
#.>.###.....33@##.
.
............#.#W#
#. . ..........
###2.... . . . #.
#.#.#...# #......
. . #.#.#.#.#
#........ . .
#.#.#.#.#
#......... # .#
.#.#.# #..#....#.
. .## #. #........
. . # .... . ... .


You could see a balrug, an eidolon, a sun demon and a neqoxec.

Vanquished Creatures
  2 vault guards (Bailey)
  2 two-headed ogres
  An ugly thing (D:11)
  A manticore (D:11)
  Maurice (D:9)
  An elephant (D:8)
  3 kobold demonologists
  An unseen horror (D:10)
  A komodo dragon (D:10)
  2 trolls
  Prince Ribbit (Bailey)
  Grinder (D:3)
  Eustachio (D:6)
  2 wyverns
  2 humans (Bailey)
  A basilisk (D:8)
  A steam dragon (D:9)
  A black bear (D:8)
  An ice beast (D:7)
  2 orc warriors
  A centaur (D:10)
  2 kobold brigands (D:9)
  15 bullfrogs
  A water moccasin zombie (D:6)
  5 killer bees (D:10)
  An electric eel (D:9)
  A troll skeleton (D:10)
  5 spriggan skeletons (D:10)
  6 howler monkeys
  3 centaur zombies
  2 hounds
  3 orc priests
  2 bullfrog skeletons
  2 centaur skeletons (D:6)
  Jessica (D:2)
  Ijyb (D:3)
  Terence (D:3)
  An iguana (D:7)
  12 orc wizards
  A killer bee zombie (D:8)
  4 gnolls
  6 adders
  2 white imps
  2 worms
  A dart slug (D:4)
  21 orcs
  7 bats
  9 endoplasms
  2 giant cockroaches
  6 goblins
  7 hobgoblins
  6 jackals
  14 kobolds
  4 quokkas
  6 ball pythons
  3 frilled lizards
  3 rats
197 creatures vanquished.

Notes
Turn   | Place    | Note
-------+----------+-------------------------------------------
     0 | D:1      | safid the Hill Orc Fighter began the quest for the Orb.
     0 | D:1      | Reached XP level 1. HP: 19/19 MP: 1/1
   148 | D:1      | Reached XP level 2. HP: 27/27 MP: 2/2
   149 | D:1      | Reached skill level 3 in Axes
   320 | D:1      | Reached XP level 3. HP: 33/33 MP: 3/3
   930 | D:2      | Found a faded altar of an unknown god.
  1062 | D:2      | Noticed Jessica
  1077 | D:2      | Killed Jessica
  1078 | D:2      | Reached skill level 4 in Axes
  1078 | D:2      | Reached XP level 4. HP: 33/40 MP: 4/4
  1635 | D:3      | Noticed Ijyb
  1659 | D:3      | Killed Ijyb
  1660 | D:3      | Reached skill level 5 in Axes
  1660 | D:3      | Reached XP level 5. HP: 45/46 MP: 5/5
  1716 | D:3      | Found a runed translucent gate.
  1716 | D:3      | Found a runed translucent gate.
  1725 | D:3      | Found a runed translucent gate.
  1726 | D:3      | Noticed Diggabert's ghost (amateur FoAK)
  1770 | D:3      | Noticed Terence
  1779 | D:3      | Killed Terence
  1839 | D:3      | Noticed Grinder
  1853 | D:3      | Reached skill level 6 in Axes
  1853 | D:3      | Paralysed by Grinder for 5 turns
  1874 | D:3      | Paralysed by Grinder for 4 turns
  1879 | D:3      | Paralysed by Grinder for 2 turns
  1890 | D:3      | Paralysed by Grinder for 2 turns
  1898 | D:3      | Killed Grinder
  1899 | D:3      | Reached skill level 8 in Axes
  1899 | D:3      | Reached XP level 6. HP: 9/52 MP: 6/6
  2359 | D:3      | Found a glowing silver altar of Zin.
  2644 | D:3      | Identified the +9 quarterstaff of Mayhem {venom, rPois
                  | Int+2}
  2947 | D:4      | Found a runed translucent door.
  2948 | D:4      | Noticed Crazy Yiuf
  3189 | D:4      | Reached XP level 7. HP: 57/59 MP: 7/7
  3408 | D:4      | Found a staircase to the Ecumenical Temple.
  3626 | D:5      | Entered Level 5 of the Dungeon
  4031 | D:5      | Became a worshipper of Beogh the Brigand
  4039 | D:5      | Reached skill level 9 in Axes
  4509 | D:6      | Reached skill level 10 in Axes
  4709 | D:6      | Noticed Eustachio
  4721 | D:6      | Killed Eustachio
  4722 | D:6      | Reached XP level 8. HP: 48/66 MP: 4/8
  4979 | D:7      | Reached skill level 11 in Axes
  5498 | D:7      | Reached * piety under Beogh
  5510 | D:7      | Reached skill level 12 in Axes
  5811 | D:7      | Found Xontuluo's Armour Shop.
  6063 | D:8      | Reached skill level 13 in Axes
  6331 | D:8      | Reached XP level 9. HP: 45/71 MP: 2/9
  6525 | D:8      | Found a staircase to the Lair.
  6525 | D:8      | Noticed an elephant
  6544 | D:8      | Killed an elephant
  6545 | D:8      | Reached skill level 14 in Axes
  6562 | D:8      | Reached skill level 15 in Axes
  7355 | D:9      | Reached skill level 16 in Axes
  7843 | D:9      | Noticed Maurice
  7865 | D:9      | Killed Maurice
  7866 | D:9      | Reached skill level 5 in Fighting
  7866 | D:9      | Reached skill level 5 in Armour
  8702 | D:10     | Entered Level 10 of the Dungeon
  8793 | D:10     | Noticed a komodo dragon
  8800 | D:10     | Killed a komodo dragon
  8801 | D:10     | Reached XP level 10. HP: 83/83 MP: 7/10
  8821 | D:10     | Found a flagged portal.
  8829 | Bailey   | Entered a bailey
  8973 | Bailey   | Reached ** piety under Beogh
  9159 | Bailey   | Noticed a vault guard
  9181 | Bailey   | Killed a vault guard
  9374 | Bailey   | Noticed a vault guard
  9374 | Bailey   | Noticed Prince Ribbit
  9378 | Bailey   | Killed Prince Ribbit
  9395 | Bailey   | Killed a vault guard
 10042 | D:10     | Reached XP level 11. HP: 77/95 MP: 4/11
 10655 | D:10     | Noticed a two-headed ogre
 10666 | D:10     | Killed a two-headed ogre
 10667 | D:10     | Reached skill level 17 in Axes
 10925 | D:11     | Found a flickering gateway to a bazaar.
 10935 | Bazaar   | Entered a bazaar
 10943 | Bazaar   | Found Odeo's Book Shop.
 10943 | Bazaar   | Found Tudwab's Book Shop.
 11065 | D:11     | Noticed a cyan ugly thing
 11089 | D:11     | Killed a cyan ugly thing
 11263 | D:11     | Noticed a manticore
 11273 | D:11     | Killed a manticore
 11574 | D:12     | Found Jaas's Demolitions Depot.
 11582 | D:12     | Noticed a two-headed ogre
 11600 | D:11     | Killed a two-headed ogre
 11766 | D:12     | Reached skill level 10 in Fighting
 11766 | D:12     | Noticed a soul eater
 11901 | D:12     | Reached *** piety under Beogh
 11902 | D:12     | Reached skill level 18 in Axes
 11969 | D:12     | Noticed Erolcha
 11969 | D:12     | Cast into level 1 of the Abyss (Erolcha)
 12000 | Abyss:1  | Gained mutation: Your body sometimes deteriorates upon
                  | taking damage. [a neqoxec]
 12008 | Abyss:1  | Gained mutation: You are dopey. (Int -2) [a neqoxec]
 12009 | Abyss:1  | Gained mutation: Armour fits poorly on your strangely
                  | shaped body. [a neqoxec]
 12013 | Abyss:1  | Gained mutation: You are very dopey. (Int -4) [a neqoxec]
 12020 | Abyss:1  | Noticed a sun demon
 12022 | Abyss:1  | Noticed a balrug
 12024 | Abyss:1  | Gained mutation: Your spells are a little easier to cast,
                  | but a little less powerful. [a neqoxec]
 12028 | Abyss:1  | Noticed an eidolon
 12034 | Abyss:1  | HP: 3/99 [eidolon (19)]
 12035 | Abyss:1  | Killed from afar by an eidolon

Illustrated notes

Levels and vault maps discovered:
D:1:      erik_arrival_cave_to_civilisation [erik_arrival_cave_to_hall],
          layout_basic, chequers_serial_rivers_small_3, minivault_23
D:2:      cheibrodos_helix_gallery, layout_loops_ring,
          chequers_ecumenical_altar_grove, uniq_jessica
D:3:      layout_basic, zin_scriptorium, gammafunk_ghost_split, uniq_grinder,
          uniq_ijyb, uniq_terence
D:4:      layout_loops_ring, minmay_temple_entry_statues_fountains,
          uniq_crazy_yiuf_cottage
D:5:      layout_loops_ring, chequers_serial_rivers_micro_a,
          minmay_misc_feat_columns
D:6:      layout_cave_pools, uniq_eustachio
D:7:      layout_rooms, serial_shops, shop
D:8:      layout_loops_ring, david_lair_generic
D:9:      layout_stronghold, nicolae_water_bricks, minmay_unpleasant_kobolds,
          uniq_maurice
D:10:     layout_roguey, enter_bailey_2, hangedman_tell_no_tales
D:11:     layout_big_octagon, serial_shops, bzr_entry_islet
D:12:     layout_long_grid, orc_david_3, nicolae_blasting_shop, uniq_erolcha,
          uniq_fannar, uniq_frances, uniq_josephine
Abyss:1:  base:
D:3

Skill      XL: |  1  2  3  4  5  6  7  8  9 10 11 |
---------------+----------------------------------+-----
Axes           | 3 4 5 8 10 13 16 18 | 18.0
Fighting       | 4 6 8 10 | 10.1
Armour         | 4 5 8 9 |  9.5
Shields        | 4 |  4.0

Action                   |  1- 3 |  4- 6 |  7- 9 | 10-12 || total
-------------------------+-------+-------+-------+-------++-------
Melee: War axe           |    86 |    98 |       |       ||   184
       Unarmed           |       |     4 |       |       ||     4
       Quarterstaff      |       |    16 |   191 |   199 ||   406
Throw: Dart              |       |     2 |       |     7 ||     9
       Boomerang         |       |       |       |    19 ||    19
Invok: Convert to Beogh  |       |       |     1 |       ||     1
  Use: Scroll            |       |       |     2 |       ||     2
Armor: Scale mail        |    51 |    49 |    70 |       ||   170
       Skin              |       |    15 |       |       ||    15
       Plate armour      |       |       |    92 |   203 ||   295
Dodge: Dodged            |    45 |    53 |    95 |   177 ||   370
Block: Buckler           |    22 |    18 |       |       ||    40
